PA
GALESBURG GUZZLERS @ GRIM REAPERS
08/02/2031
 
TOP OF THE 1ST
Galesburg Guzzlers batting - Pitching for Grim Reapers : RHP António Fernández
Pitching: RHP António Fernández
Batting: RHB Mei Kim 0-0: Ball
1-0: Ground out U3 (Groundball, 34D)
Batting: RHB Jeremy Migliorati 0-0: Foul Ball, location: 2F
0-1: Ball
1-1: Foul Ball, location: 2F
1-2: Ball
2-2: Fly out, F5 (Line Drive, 5)
Batting: RHB Nestor Tantoco 0-0: Called Strike
0-1: Called Strike
0-2: Ball
1-2: Strikes out swinging, 2-3 out at first.
Top of the 1st over - 0 runs, 0 hits, 0 errors, 0 left on base; Galesburg 0 - Grim 0
BOTTOM OF THE 1ST
Grim Reapers batting - Pitching for Galesburg Guzzlers : LHP Robby Oglethorpe
Pitching: LHP Robby Oglethorpe
Batting: RHB Askari bin Idris 0-0: Ball
1-0: Called Strike
1-1: Called Strike
1-2: Ball
2-2: Ground out 4-3 (Groundball, 4D)
Batting: RHB Huai-yi Yang 0-0: Ball
1-0: Foul Ball, location: 2F
1-1: Ball
2-1: Ball
3-1: Fly out, F3 (Popup, 3S)
Batting: RHB Mun-wah Law 0-0: Called Strike
0-1: Ground out 5-3 (Groundball, 56)
Bottom of the 1st over - 0 runs, 0 hits, 0 errors, 0 left on base; Galesburg 0 - Grim 0
TOP OF THE 2ND
Galesburg Guzzlers batting - Pitching for Grim Reapers : RHP António Fernández
Batting: RHB Manny Diéguez 0-0: Called Strike
0-1: Ball
1-1: Fly out, F4 (Flyball, 34D)
Batting: RHB Pacu Martic 0-0: Ball
1-0: Ball
2-0: Foul Ball, location: 2F
2-1: Ball
3-1: Swinging Strike
3-2: SINGLE (Groundball, 4MD)
Batting: LHB Henk van Aardschot 0-0: SINGLE (Groundball, 34S) (infield hit)
Pacu Martic to second
Batting: RHB Gerald Snow 0-0: Ball
1-0: Foul Ball, location: 2F
1-1: Called Strike
1-2: Strikes out looking
Batting: RHB Don Pokorski 0-0: Called Strike
0-1: Called Strike
0-2: Strikes out looking
Top of the 2nd over - 0 runs, 2 hits, 0 errors, 2 left on base; Galesburg 0 - Grim 0
BOTTOM OF THE 2ND
Grim Reapers batting - Pitching for Galesburg Guzzlers : LHP Robby Oglethorpe
Batting: RHB Keiran Calleson 0-0: Ball
1-0: Foul Ball, location: 2F
1-1: SINGLE (Groundball, 34D)
Batting: RHB Milos Jaksch 0-0: Ball
1-0: SINGLE (Groundball, 34D)
Keiran Calleson to second
Runner from 2nd tries for 3rd, SAFE, no throw
Batting: RHB Keohi Iese 0-0: Called Strike
0-1: Ball
1-1: Swinging Strike
1-2: Ball
2-2: Ball
Wild Pitch!
Keiran Calleson scores
Milos Jaksch to second
3-2: Strikes out looking
Batting: RHB Bearooz Yacoobi 0-0: Called Strike
0-1: Ball
1-1: Ball
2-1: Swinging Strike
2-2: Strikes out looking
Batting: RHB Joe Rodgers 0-0: Ball
1-0: Ball
2-0: Called Strike
2-1: Foul Ball, location: 2F
2-2: Strikes out swinging
Bottom of the 2nd over - 1 run, 2 hits, 0 errors, 1 left on base; Galesburg 0 - Grim 1
TOP OF THE 3RD
Galesburg Guzzlers batting - Pitching for Grim Reapers : RHP António Fernández
Batting: RHB Manny Valentín 0-0: Ball
1-0: Ball
2-0: Called Strike
2-1: Ground out 3-1 (Groundball, 34S)
Batting: RHB Mei Kim 0-0: Ball
1-0: Swinging Strike
1-1: Ball
2-1: Foul Ball, location: 2F
2-2: Fly out, F9 (Flyball, 9)
Batting: RHB Jeremy Migliorati 0-0: Ball
1-0: Ball
2-0: Ball
3-0: Called Strike
3-1: Base on Balls
Batting: RHB Nestor Tantoco 0-0: Ball
1-0: Ball
2-0: Ball
3-0: Called Strike
3-1: SINGLE (Groundball, 56D)
Jeremy Migliorati to second
Batting: RHB Manny Diéguez 0-0: Called Strike
0-1: Fly out, F7 (Flyball, 7S)
Top of the 3rd over - 0 runs, 1 hit, 0 errors, 2 left on base; Galesburg 0 - Grim 1
BOTTOM OF THE 3RD
Grim Reapers batting - Pitching for Galesburg Guzzlers : LHP Robby Oglethorpe
Batting: SHB Guo-liang Ye 0-0: Called Strike
0-1: Ball
1-1: Ball
2-1: Called Strike
2-2: Foul Ball, location: 2F
2-2: Strikes out swinging
Batting: RHB Askari bin Idris 0-0: Called Strike
0-1: Ball
1-1: DOUBLE (Line Drive, 8LD)
Batting: RHB Huai-yi Yang 0-0: Swinging Strike
0-1: Foul Ball, location: 2F
0-2: Foul Ball, location: 2F
0-2: Strikes out looking
Batting: RHB Mun-wah Law 0-0: Ball
1-0: SINGLE (Flyball, 9LM)
Askari bin Idris to third
Runner from 3rd tries for Home, SAFE, no throw
Batting: RHB Keiran Calleson 0-0: Called Strike
0-1: Ball
1-1: Ball
2-1: Called Strike
2-2: Ball
3-2: Foul Ball, location: 2F
3-2: Strikes out swinging
Bottom of the 3rd over - 1 run, 2 hits, 0 errors, 1 left on base; Galesburg 0 - Grim 2
TOP OF THE 4TH
Galesburg Guzzlers batting - Pitching for Grim Reapers : RHP António Fernández
Batting: RHB Pacu Martic 0-0: Ball
1-0: Called Strike
1-1: Swinging Strike
1-2: Strikes out swinging
Batting: LHB Henk van Aardschot 0-0: Called Strike
0-1: Called Strike
0-2: Ball
1-2: Ball
2-2: SINGLE (Groundball, 34D)
Batting: RHB Gerald Snow 0-0: Called Strike
0-1: Ball
1-1: Ball
2-1: Foul Ball, location: 2F
2-2: Ball
3-2: Strikes out swinging
Batting: RHB Don Pokorski 0-0: Ball
Henk van Aardschot steals 2nd base
1-0: Ball
2-0: Ball
3-0: Called Strike
3-1: Base on Balls
Batting: RHB Manny Valentín 0-0: Fielders Choice at 2nd, 5-4 (Groundball, 56)
Top of the 4th over - 0 runs, 1 hit, 0 errors, 2 left on base; Galesburg 0 - Grim 2
BOTTOM OF THE 4TH
Grim Reapers batting - Pitching for Galesburg Guzzlers : LHP Georgy Gilyazitdinov
Pitching: LHP Georgy Gilyazitdinov
Batting: RHB Milos Jaksch 0-0: Foul Ball, location: 2F
0-1: Ball
1-1: SINGLE (Line Drive, 78M)
Batting: RHB Keohi Iese 0-0: Called Strike
0-1: Ball
1-1: SINGLE (Groundball, 4MD)
Milos Jaksch to second
Runner from 2nd tries for 3rd, SAFE, no throw
Batting: RHB Bearooz Yacoobi 0-0: Foul Ball, location: 2F
0-1: Called Strike
0-2: Ball
1-2: Strikes out swinging
Batting: RHB Joe Rodgers 0-0: SINGLE (Groundball, 56D)
Milos Jaksch scores
Keohi Iese to second
Batting: SHB Guo-liang Ye 0-0: Ball
1-0: Ball
2-0: Called Strike
2-1: Called Strike
2-2: Strikes out swinging
Batting: RHB Askari bin Idris 0-0: Called Strike
0-1: Ball
1-1: DOUBLE (Groundball, 5L)
Keohi Iese scores
Joe Rodgers to third
Runner from 3rd tries for Home, SAFE, no throw
Batting: RHB Huai-yi Yang 0-0: Called Strike
0-1: DOUBLE (Line Drive, 7LM)
Askari bin Idris scores
Pitching: LHP Jian-gun Fei
Batting: RHB Mun-wah Law 0-0: Ball
1-0: Called Strike
1-1: Ball
2-1: Foul Ball, location: 2F
2-2: Ball
3-2: Base on Balls
Batting: RHB Keiran Calleson 0-0: Foul Ball, location: 2F
0-1: Foul Ball, location: 2F
0-2: Ball
1-2: Ground out 1-3 (Groundball, P)
Bottom of the 4th over - 4 runs, 5 hits, 0 errors, 2 left on base; Galesburg 0 - Grim 6
TOP OF THE 5TH
Galesburg Guzzlers batting - Pitching for Grim Reapers : RHP António Fernández
Batting: RHB Mei Kim 0-0: Called Strike
0-1: Ball
1-1: Ball
2-1: Foul Ball, location: 2F
2-2: Ball
3-2: Strikes out looking
Batting: RHB Jeremy Migliorati 0-0: Ball
1-0: Called Strike
1-1: Called Strike
1-2: Foul Ball, location: 2F
1-2: Strikes out swinging
Batting: RHB Nestor Tantoco 0-0: SINGLE (Groundball, 6MD)
Batting: RHB Manny Diéguez 0-0: Called Strike
0-1: Swinging Strike
0-2: SINGLE (Groundball, 56D)
Nestor Tantoco to second
Batting: RHB Pacu Martic 0-0: Ball
1-0: Called Strike
1-1: SINGLE (Flyball, 9LS)
Nestor Tantoco to third
Manny Diéguez to second
Runner from 3rd tries for Home, SAFE, no throw
Pitching: LHP Bae Yun
Batting: LHB Henk van Aardschot 0-0: Ball
1-0: Foul Ball, location: 2F
1-1: Ball
2-1: Foul Ball, location: 2F
2-2: SINGLE (Groundball, 4MD)
Manny Diéguez to third
Pacu Martic to second
Runner from 3rd tries for Home, SAFE, throw made home
Batting: RHB Gerald Snow 0-0: Ball
Wild Pitch!
Pacu Martic to third
Henk van Aardschot to second
1-0: Called Strike
1-1: Ground out 5-3 (Groundball, 5)
Top of the 5th over - 2 runs, 4 hits, 0 errors, 2 left on base; Galesburg 2 - Grim 6
BOTTOM OF THE 5TH
Grim Reapers batting - Pitching for Galesburg Guzzlers : LHP Jian-gun Fei
Batting: RHB Milos Jaksch 0-0: Fly out, F7 (Flyball, 7S)
Batting: RHB Keohi Iese 0-0: Fly out, F8 (Flyball, 8RM)
Batting: RHB Bearooz Yacoobi 0-0: Foul Ball, location: 2F
0-1: SOLO HOME RUN (Flyball, 7LD), Distance : 360 ft
Batting: RHB Joe Rodgers 0-0: Ball
1-0: Foul Ball, location: 2F
1-1: Called Strike
1-2: SINGLE (Groundball, 34S) (infield hit)
Batting: SHB Guo-liang Ye 0-0: Foul Ball, location: 2F
0-1: Foul Ball, location: 2F
0-2: Ball
1-2: Ball
2-2: Foul Ball, location: 2F
2-2: Strikes out swinging
Bottom of the 5th over - 1 run, 2 hits, 0 errors, 1 left on base; Galesburg 2 - Grim 7
TOP OF THE 6TH
Galesburg Guzzlers batting - Pitching for Grim Reapers : LHP Bae Yun
Batting: RHB Don Pokorski 0-0: Ball
1-0: Ball
2-0: Ball
3-0: Called Strike
3-1: Swinging Strike
3-2: Strikes out swinging
Batting: RHB Manny Valentín 0-0: Ball
1-0: Ball
2-0: Foul Ball, location: 2F
2-1: Foul Ball, location: 2F
2-2: Strikes out swinging
Batting: RHB Mei Kim 0-0: Ball
1-0: Ball
2-0: Ball
3-0: Called Strike
3-1: Swinging Strike
3-2: Base on Balls
Batting: RHB Jeremy Migliorati 0-0: Ball
1-0: Swinging Strike
1-1: Ball
2-1: SINGLE (Groundball, 34D)
Mei Kim to second
Runner from 2nd tries for 3rd, SAFE, throw made to third
Batting: RHB Nestor Tantoco 0-0: Called Strike
0-1: Hit by Pitch
Jeremy Migliorati to second
Batting: RHB Manny Diéguez 0-0: Ball
1-0: SINGLE (Groundball, 34D)
Mei Kim scores
Jeremy Migliorati to third
Nestor Tantoco to second
Runner from 3rd tries for Home, SAFE, no throw
Pitching: RHP Manny Sandoval
Batting: RHB Pacu Martic 0-0: Called Strike
0-1: Called Strike
0-2: Ball
1-2: Strikes out swinging
Top of the 6th over - 2 runs, 2 hits, 0 errors, 2 left on base; Galesburg 4 - Grim 7
BOTTOM OF THE 6TH
Grim Reapers batting - Pitching for Galesburg Guzzlers : LHP Jian-gun Fei
Batting: RHB Askari bin Idris 0-0: Called Strike
0-1: Ball
1-1: Foul Ball, location: 2F
1-2: TRIPLE (Flyball, 8RXD)
Batting: RHB Huai-yi Yang 0-0: Ball
1-0: Foul Ball, location: 2F
1-1: Ball
2-1: Foul Ball, location: 2F
2-2: Foul Ball, location: 2F
2-2: Fly out, F8 (Flyball, 8LM)
Runner from 3rd tags up, SCORES, no throw
Batting: RHB Mun-wah Law 0-0: Ball
1-0: SINGLE (Groundball, 34D)
Batting: RHB Keiran Calleson 0-0: Called Strike
0-1: SINGLE (Line Drive, 34)
Mun-wah Law to second
Pitching: RHP Ricardo Pérez
Batting: RHB Milos Jaksch 0-0: Ball
1-0: Ground out 3-1 (Groundball, 34S)
Mun-wah Law to third
Keiran Calleson to second
Batting: RHB Keohi Iese 0-0: Called Strike
0-1: Ball
1-1: Foul Ball, location: 2F
1-2: Fly out, F9 (Flyball, 9)
Bottom of the 6th over - 1 run, 3 hits, 0 errors, 2 left on base; Galesburg 4 - Grim 8
TOP OF THE 7TH
Galesburg Guzzlers batting - Pitching for Grim Reapers : RHP Manny Sandoval
Batting: LHB Henk van Aardschot 0-0: Ball
1-0: Foul Ball, location: 2F
1-1: Ball
2-1: Foul Ball, location: 2F
2-2: Foul Ball, location: 2F
2-2: Ball
3-2: SINGLE (Groundball, 6D)
Batting: RHB Gerald Snow 0-0: Foul Ball, location: 2F
0-1: Ball
1-1: Called Strike
1-2: Foul Ball, location: 2F
1-2: Foul Ball, location: 2F
1-2: Ball
2-2: Grounds into double play, 4-6-3 (Groundball, 4)
Batting: RHB Don Pokorski 0-0: Called Strike
0-1: Ball
1-1: Ball
2-1: Ball
3-1: Foul Ball, location: 2F
3-2: Strikes out swinging
Top of the 7th over - 0 runs, 1 hit, 0 errors, 0 left on base; Galesburg 4 - Grim 8
BOTTOM OF THE 7TH
Grim Reapers batting - Pitching for Galesburg Guzzlers : RHP Ricardo Pérez
Batting: RHB Bearooz Yacoobi 0-0: Called Strike
0-1: DOUBLE (Line Drive, 7D)
Batting: RHB Joe Rodgers 0-0: Intentional Walk
Batting: SHB Guo-liang Ye 0-0: Swinging Strike
0-1: Foul Ball, location: 2F
0-2: Ball
1-2: Foul Ball, location: 2F
1-2: Strikes out swinging
Batting: RHB Askari bin Idris 0-0: Ball
1-0: Ball
2-0: Called Strike
2-1: Called Strike
2-2: Foul Ball, location: 2F
2-2: Ball
3-2: Strikes out looking
Batting: RHB Huai-yi Yang 0-0: Foul Ball, location: 2F
0-1: Ball
1-1: Fly out, F5 (Popup, 5S)
Bottom of the 7th over - 0 runs, 1 hit, 0 errors, 2 left on base; Galesburg 4 - Grim 8
TOP OF THE 8TH
Galesburg Guzzlers batting - Pitching for Grim Reapers : RHP Manny Sandoval
Batting: RHB Manny Valentín 0-0: Ball
1-0: Swinging Strike
1-1: Foul Ball, location: 2F
1-2: Strikes out swinging, 2-3 out at first.
Batting: RHB Mei Kim 0-0: Ball
1-0: Foul Ball, location: 2F
1-1: Hit by Pitch
Batting: RHB Jeremy Migliorati 0-0: Swinging Strike
0-1: Ball
1-1: Foul Ball, location: 2F
1-2: Grounds into double play, 1-6-3 (Groundball, P)
Top of the 8th over - 0 runs, 0 hits, 0 errors, 0 left on base; Galesburg 4 - Grim 8
BOTTOM OF THE 8TH
Grim Reapers batting - Pitching for Galesburg Guzzlers : RHP Ricardo Pérez
Batting: RHB Mun-wah Law 0-0: Ball
1-0: Swinging Strike
1-1: Swinging Strike
1-2: Foul Ball, location: 2F
1-2: Ball
2-2: Strikes out swinging, 2-3 out at first.
Batting: RHB Keiran Calleson 0-0: Called Strike
0-1: Swinging Strike
0-2: Ball
1-2: Strikes out looking
Batting: RHB Milos Jaksch 0-0: Called Strike
0-1: Ball
1-1: SINGLE (Line Drive, 7S)
Batting: RHB Keohi Iese 0-0: Ball
1-0: Ball
2-0: Called Strike
2-1: Foul Ball, location: 2F
2-2: SINGLE (Flyball, 7S)
Milos Jaksch to second
Milos Jaksch to third
Batting: RHB Bearooz Yacoobi 0-0: Ball
1-0: SINGLE (Line Drive, 6D)
Milos Jaksch scores
Keohi Iese to second
Batting: RHB Joe Rodgers 0-0: Called Strike
0-1: Ball
1-1: Ball
2-1: Foul Ball, location: 2F
2-2: Foul Ball, location: 2F
2-2: Strikes out swinging
Bottom of the 8th over - 1 run, 3 hits, 0 errors, 2 left on base; Galesburg 4 - Grim 9
TOP OF THE 9TH
Galesburg Guzzlers batting - Pitching for Grim Reapers : RHP Manny Sandoval
Now at 1B: Salvadaro Sarachaga
Now in LF: Brandon Palmer
Batting: RHB Nestor Tantoco 0-0: Called Strike
0-1: Ball
1-1: Ball
2-1: Fly out, F8 (Flyball, 8LD)
Batting: RHB Manny Diéguez 0-0: Ball
1-0: Ball
2-0: Called Strike
2-1: Foul Ball, location: 2F
2-2: Fly out, F2 (Popup, 23F)
Batting: RHB Pacu Martic 0-0: Called Strike
0-1: Ball
1-1: Foul Ball, location: 2F
1-2: Strikes out swinging
Top of the 9th over - 0 runs, 0 hits, 0 errors, 0 left on base; Galesburg 4 - Grim 9
Tuesday, June 12th, 2018 - OOTP Baseball 18.8 Build 76